[Event "*** SCC Grand Prix: Titled Tuesday Blitz"]
[Site "Chess.com"]
[Date "2020.08.25"]
[Round "4"]
[White "Fighter008"]
[Black "Vsevolod_Ovchinnikov"]
[Result "1-0"]
[WhiteElo "2673"]
[BlackElo "2414"]
[TimeControl "180+1"]
[EndTime "10:40:57 PDT"]
[Termination "Fighter008 won on time"]

1. Nf3 Nf6 2. g3 g6 3. Bg2 Bg7 4. O-O d5 5. d3 O-O 6. Nbd2 b6 7. e4 dxe4 8. dxe4 Bb7 9. Qe2 Nc6 10. c3 Qc8 11. Re1 Rd8 12. e5 Nd5 13. Nc4 e6 14. a4 a5 15. Bg5 Rd7 16. Rad1 h6 17. Bc1 Qf8 18. h4 Rad8 19. h5 g5 20. Nxg5 hxg5 21. Bxg5 Re8 22. Qg4 f5 23. exf6 Nxf6 24. Bxf6 Rxd1 25.
Rxd1 Qxf6 26. Rd7 Nd8 27. Bxb7 Nxb7 28. Rxc7 Nc5 29. Nxb6 Nd3 30. f4 Nxb2 31. Qe2 Qd8 32. Rb7 Qd1+ 33. Qxd1 Nxd1 34. c4 Bd4+ 35. Kg2 Ne3+ 36.
Kf3 Bxb6 37. Rxb6 Nxc4 38. Rb7 Rc8 39. Kg4 Rc5 40. Kh4 Ne3 41. g4 Rc4 42. Kg5 e5 43.
f5 1-0

[Event "*** SCC Grand Prix: Titled Tuesday Blitz"]
[Site "Chess.com"]
[Date "2020.08.25"]
[Round "4"]
[White "anskam"]
[Black "Xeniya2005"]
[Result "0-1"]
[WhiteElo "1642"]
[BlackElo "2353"]
[TimeControl "180+1"]
[EndTime "10:40:57 PDT"]
[Termination "Xeniya2005 won by checkmate"]

1. e4 e6 2. d4 d5 3. Nc3 Bb4 4. e5 c5 5. a3 Bxc3+ 6. bxc3 Ne7 7. f4 Nbc6 8. Nf3 b6 9. Be3 Nf5 10. Bf2 c4 11. Be2 Na5 12. O-O Bd7 13. g4 Ne7 14. Be3 h5 15. g5 Nf5 16. Qe1 g6 17.
Bf2 Ba4 18. Qd2 Qd7 19. Nh4 Nxh4 20. Bxh4 O-O 21. Bf2 a6 22. Rfc1 b5 23. Qd1 Nc6 24. Qd2 Rfb8 25. Rf1 a5 26. Bh4 b4 27. axb4 axb4 28. cxb4 Nxb4 29. Rac1 Na2 30. Ra1 c3 31.
Qd1 Rb2 32. Bd3 Rc8 33. Rf3 Nb4 34. Rh3 Bxc2 35. Bxc2 Nxc2 36. Rc1 Qa4 37. Be1 Qb3 38. Rxh5 gxh5 39. Qxh5 Qb7 40. g6 fxg6 41. Qxg6+ Qg7 42.
Qxg7+ Kxg7 43. Bxc3 Rxc3 44. Kh1 Rcb3 45. Rg1+ Kf7 46.
h4 Nxd4 47. Rg2 Rh3+ 48. Kg1 Nf3+ 49. Kf1 Rh1+ 50. Rg1 Rxg1# 0-1

[Event "*** SCC Grand Prix: Titled Tuesday Blitz"]
[Site "Chess.com"]
[Date "2020.08.25"]
[Round "4"]
[White "Aygehovit1992"]
[Black "MFBerna"]
[Result "1/2-1/2"]
[WhiteElo "2606"]
[BlackElo "2447"]
[TimeControl "180+1"]
[EndTime "10:40:58 PDT"]
[Termination "Game drawn - insufficient material"]

1. Nf3 Nf6 2. b3 g6 3. Bb2 Bg7 4. g3 O-O 5. Bg2 c5 6. O-O Nc6 7. c4 d5 8. cxd5 Nxd5 9. Bxg7 Kxg7 10. Qc1 Qd6 11. Nc3 Nxc3 12. Qxc3+ f6 13. Rac1 b6 14. Rfd1 e5 15. e3 Bg4 16. h3 Bxf3 17. Bxf3 Rac8 18. a3 Rfd8 19. h4 Ne7 20. d3 Nf5 21. Kg2 Qe6 22.
Qc4 Qe7 23. h5 Nd6 24. Qh4 Nf5 25. Qg4 Rc7 26. hxg6 hxg6 27. Be4 Qe6 28. Qf3 Rcd7 29. Rh1 Rh8 30. Rxh8 Kxh8 31. Rh1+ Rh7 32. Rxh7+ Kxh7 33. Bxf5 Qxf5 34. Qxf5 gxf5 35. Kf3 Kg6 36. g4 Kg5 37. gxf5 Kxf5 38. a4 a6 39. Kg3 e4 40. d4 cxd4 41.
exd4 Ke6 42. Kf4 Kd5 43. Kf5 Kxd4 44. Kxf6 e3 45. fxe3+ Kxe3 46. Ke5 Kd3 47. Kd5 Kc3 48.
Kc6 Kxb3 49. Kxb6 Kxa4 50. Kxa6 1/2-1/2

[Event "*** SCC Grand Prix: Titled Tuesday Blitz"]
[Site "Chess.com"]
[Date "2020.08.25"]
[Round "4"]
[White "IrinaDrogovoz"]
[Black "Artem_Sadovsky"]
[Result "0-1"]
[WhiteElo "2304"]
[BlackElo "2557"]
[TimeControl "180+1"]
[EndTime "10:40:58 PDT"]
[Termination "Artem_Sadovsky won by checkmate"]

1. d4 g6 2. c4 Bg7 3. Nc3 d6 4.
Nf3 e5 5. e4 Nc6 6. Be3 Bg4 7.
d5 Nd4 8. Be2 Nxe2 9. Qxe2 f5 10. h3 Bxf3 11. Qxf3 Qd7 12. O-O-O Nf6 13. Bg5 Nxe4 14.
Nxe4 fxe4 15. Qxe4 O-O 16. f3 b5 17. h4 bxc4 18.
h5 Qf5 19. Be3 Rab8 20. hxg6 Qxg6 21. Rh4 Rf7 22. Rdh1 Qxg2 23. Qxh7+ Kf8 24. R4h2 Qxf3 25. Bh6 Bxh6+ 26. Qxh6+ Ke7 27. Qe6+ Kd8 28. Rh8+ Rf8 29. R8h7 Qe3+ 30. Kc2 Qd3+ 31. Kc1 Rf1+ 32. Rxf1 Qxf1+ 33. Kd2 Qf2+ 34. Kd1 Qf1+ 35. Kd2 Rxb2+ 36. Ke3 Qf4# 0-1

[Event "*** SCC Grand Prix: Titled Tuesday Blitz"]
[Site "Chess.com"]
[Date "2020.08.25"]
[Round "4"]
[White "GoldenShare"]
[Black "ARTHURMOTIVATOR"]
[Result "1-0"]
[WhiteElo "2497"]
[BlackElo "2252"]
[TimeControl "180+1"]
[EndTime "10:40:58 PDT"]
[Termination "GoldenShare won on time"]

1. d4 Nf6 2. Bf4 c5 3. d5 d6 4.
Nc3 g6 5. e4 Bg7 6. Qd2 O-O 7.
Bh6 Nbd7 8. h4 Bxh6 9. Qxh6 Ng4 10. Qd2 h5 11. f3 Ngf6 12. g4 Kg7 13. O-O-O a6 14.
Nge2 Ne5 15. gxh5 Nxh5 16. f4 Nc4 17. Qd3 b5 18. f5 Qa5 19. a3 Ne5 20. Qd2 b4 21.
Nb1 Bd7 22. Nf4 Rh8 23. Nxh5+ Rxh5 24. Be2 Rh6 25. h5 Rah8 26. Rdf1 Qb6 27. fxg6 fxg6 28. Qg5 Qd8 29. axb4 cxb4 30. Nd2 e6 31. Qg3 exd5 32.
exd5 Qe7 33. Ne4 b3 34. Rf6 bxc2 35. Rg1 Bb5 36. Re6 Qc7 37. Nxd6 Qa5 38. Qxe5+ 1-0

[Event "*** SCC Grand Prix: Titled Tuesday Blitz"]
[Site "Chess.com"]
[Date "2020.08.25"]
[Round "4"]
[White "Balla_Tamas"]
[Black "PaulfromSPb"]
[Result "0-1"]
[WhiteElo "2455"]
[BlackElo "2658"]
[TimeControl "180+1"]
[EndTime "10:40:59 PDT"]
[Termination "PaulfromSPb won by resignation"]

1. e4 g6 2. d4 Bg7 3. Bc4 c6 4. Nf3 d5 5. Bb3 Bg4 6. e5 c5 7. h3 Be6 8. c3 Nc6 9. Be3 Nh6 10.
g4 cxd4 11. cxd4 f6 12. exf6 exf6 13. Qd2 Nf7 14. Nc3 O-O 15. O-O Qd7 16. Nh2 Na5 17.
f3 Nxb3 18. axb3 Rfe8 19. Rfe1 a6 20. Na4 Rad8 21. Nc5 Qb5 22. Ra5 Qb6 23. Ra4 Bc8 24. Rb4 Qc6 25. Rc1 Qd6 26. Bf4 Qe7 27. Kf2 f5 28. g5 Nd6 29. Nf1 Nb5 30. Rxb5 axb5 31.
Ng3 b6 32. Nd3 Bxd4+ 33. Kg2 Be3 34. Bxe3 Qxe3 35. Qxe3 Rxe3 36. Nb4 Rxb3 37. Nc6 Rxb2+ 38. Kg1 Re8 39. h4 f4 40. Nf1 Bh3 41. Nd4 b4 42. Nh2 Rg2+ 43. Kh1 Rd2 44. Nb3 Rd3 0-1

[Event "*** SCC Grand Prix: Titled Tuesday Blitz"]
[Site "Chess.com"]
[Date "2020.08.25"]
[Round "4"]
[White "Rodalquilar"]
[Black "GOGIEFF"]
[Result "0-1"]
[WhiteElo "2627"]
[BlackElo "2854"]
[TimeControl "180+1"]
[EndTime "10:41:00 PDT"]
[Termination "GOGIEFF won on time"]

1. d4 Nf6 2. Bf4 g6 3. Nc3 Bg7 4. e4 d6 5. Nf3 Nc6 6. Be2 O-O 7. O-O Bg4 8. h3 Bxf3 9. Bxf3 e5 10. dxe5 dxe5 11. Be3 Nd4 12. Be2 c6 13. a4 a5 14.
Bd3 Nd7 15. Ne2 Nc5 16. Nxd4 exd4 17. Bf4 Re8 18. Re1 Qb6 19. b3 Rad8 20. Qf3 Qb4 21. Bc4 Qc3 22. Qxc3 dxc3 23. f3 Rd4 24. Be3 Rxc4 25.
bxc4 Na6 26. Bb6 Nb4 27. Re2 Ra8 28. Rd1 Bf6 29. e5 Bg5 30. Rd7 Bd2 31. Rexd2 cxd2 32. Rxd2 Na2 33. Rd8+ Rxd8 34. Bxd8 Nc3 35. Bxa5 Nxa4 36. Kf2 b6 37. Bb4 Nb2 38. c5 b5 39. Ke3 Kf8 40. Kf4 Ke7 41. Kg5 Nc4 42. f4 Ne3 43. Bd2 Nxc2 44.
Kh6 b4 45. Kxh7 b3 46. Bc3 Ne3 47. g4 Nd5 48. Bb2 Nxf4 49. h4 Ke6 50. Kh6 Nd3 51.
Bc3 Nxe5 52. Kg5 Nf3+ 53. Kf4 Nxh4 0-1

[Event "*** SCC Grand Prix: Titled Tuesday Blitz"]
[Site "Chess.com"]
[Date "2020.08.25"]
[Round "4"]
[White "SergeyKarjakin"]
[Black "Gloomy_Wanderer"]
[Result "0-1"]
[WhiteElo "2970"]
[BlackElo "2770"]
[TimeControl "180+1"]
[EndTime "10:41:02 PDT"]
[Termination "Gloomy_Wanderer won by resignation"]

1. e4 c5 2. Nf3 a6 3. c3 d5 4.
exd5 Qxd5 5. d4 Bg4 6. dxc5 Qxc5 7. Be3 Qc7 8. h3 Bh5 9. Nbd2 Nf6 10. Nc4 Nbd7 11. a4 e5 12. g4 Bg6 13. a5 Rd8 14.
Qa4 Bc5 15. Bxc5 Qxc5 16. Qa3 Qxa3 17. Rxa3 O-O 18. Bg2 Be4 19. Nh4 Bxg2 20. Nxg2 Nc5 21. O-O Rfe8 22. Nge3 Nfe4 23. Rd1 Rxd1+ 24. Nxd1 Rd8 25.
Nde3 f6 26. Ra1 Kf7 27. Kh2 Nxf2 28. Rf1 Nfd3 29. Rd1 e4 30. Nf5 g6 31. Nd4 Ne6 32. Nc2 Ke7 33. N2e3 Ndf4 34. Ra1 Rd3 35. Ra4 Nd5 36.
Nxd5+ Rxd5 37. Ne3 Re5 38. Kg3 f5 39. gxf5 gxf5 40. Kf2 f4 41. Ng4 e3+ 42. Ke2 Rd5 43. Kf3 h5 44. Nh6 Rd2 45. Nf5+ Kf6 46. Nh4 Rf2+ 47. Ke4 e2 0-1

[Event "*** SCC Grand Prix: Titled Tuesday Blitz"]
[Site "Chess.com"]
[Date "2020.08.25"]
[Round "4"]
[White "Arseniy_Nesterov"]
[Black "David_Paravyan"]
[Result "0-1"]
[WhiteElo "2752"]
[BlackElo "2982"]
[TimeControl "180+1"]
[EndTime "10:41:02 PDT"]
[Termination "David_Paravyan won by resignation"]

1. d4 d5 2. c4 c6 3. Nf3 Nf6 4. Nc3 e6 5. e3 Nbd7 6. Qc2 a5 7. b3 Bb4 8. Bd3 Ne4 9. Bxe4 dxe4 10. Nd2 f5 11. c5 O-O 12. a3 Bxc3 13. Qxc3 b6 14. cxb6 Nxb6 15. O-O Ba6 16. Re1 Qc7 17. Nc4 Bxc4 18.
bxc4 c5 19. dxc5 Na4 20. Qc2 Nxc5 21. Bb2 Nd3 22. Re2 Rfc8 23. Qc3 Ra6 24. g3 Rc6 25. Qb3 Rb8 26. Qa2 Rxc4 27. Bd4 Nc1 28. Rxc1 Rxc1+ 29. Kg2 Qc4 30. Qd2 h6 31. Be5 Rb7 32. Re1 Rxe1 33. Qxe1 Qd3 34. Qxa5 Rb1 35. Kh3 Qf1+ 36.
Kh4 Qe2 37. Kh3 Kh7 38. Qb6 Rxb6 0-1

[Event "*** SCC Grand Prix: Titled Tuesday Blitz"]
[Site "Chess.com"]
[Date "2020.08.25"]
[Round "4"]
[White "Orest_Vovk"]
[Black "tsvet2005"]
[Result "1-0"]
[WhiteElo "2389"]
[BlackElo "2566"]
[TimeControl "180+1"]
[EndTime "10:41:02 PDT"]
[Termination "Orest_Vovk won by resignation"]

1. h3 d5 2. e4 dxe4 3. Nc3 Nf6 4. Qe2 Bf5 5. Qb5+ Bd7 6. Qxb7 Nc6 7. Bb5 Rb8 8. Qa6 Rb6 9. Qa4 a6 10. Bxc6 Bxc6 11. Qc4 e6 12. Nge2 Bb7 13. a3 Be7 14. Ng3 Rd6 15. O-O O-O 16. Re1 Rd4 17. Qb3 Ba8 18.
Nce2 Rd6 19. Nc3 Rd4 20. Nce2 Bd5 21. Qe3 Rc4 22. Nc3 Ba8 23. b3 Bc5 24. Qe2 Rd4 25. Na4 Ba7 26. Qxa6 Qb8 27. Re2 Rfd8 28. Bb2 Rxd2 29.
Rae1 Rxe2 30. Rxe2 e3 31. fxe3 Nd5 32. Nf1 Bc6 33. Qxc6 Rd6 34. Qc4 Qd8 35. Qg4 f6 36. c4 Nxe3 37. Nxe3 Rd2 38. Kf2 Bxe3+ 39. Kxe3 Qd3+ 40.
Kf2 Rd1 41. Qf3 Qd6 42. Qe3 Qh2 43. Qxe6+ 1-0

[Event "*** SCC Grand Prix: Titled Tuesday Blitz"]
[Site "Chess.com"]
[Date "2020.08.25"]
[Round "4"]
[White "denispopov"]
[Black "Jovidon91"]
[Result "0-1"]
[WhiteElo "1884"]
[BlackElo "2463"]
[TimeControl "180+1"]
[EndTime "10:41:03 PDT"]
[Termination "Jovidon91 won on time"]

1. e4 c5 2. Nc3 a6 3. d4 cxd4 4. Qxd4 Nc6 5. Qd2 e6 6. b3 Qc7 7. Bb2 Nf6 8. a3 b5 9. O-O-O b4 10. axb4 Bxb4 11. f3 O-O 12. Nge2 d5 13. exd5 exd5 14. Qf4 Qa5 15. Na4 Be7 16. Qg5 h6 17. Qg3 Bf5 18.
Bc3 Qd8 19. Nd4 Nxd4 20. Bxd4 Rc8 21. Bd3 Nh5 22. Qe5 Bxd3 23. Rxd3 Nf6 24. Re1 Re8 25. Qg3 Nh5 26. Qf2 Nf4 27. Rde3 Ne6 28. Bb6 Qd7 29. Rd3 Qb5 30. Nc3 Rxc3 31. Rxc3 Bb4 32. Bd4 Qa5 33. Qe3 Re7 34. Rc8+ Nf8 35. Qxe7 Bxe7 36. Rxe7 Qa3+ 0-1

[Event "*** SCC Grand Prix: Titled Tuesday Blitz"]
[Site "Chess.com"]
[Date "2020.08.25"]
[Round "4"]
[White "GameOverBro"]
[Black "GMJustin"]
[Result "1-0"]
[WhiteElo "2441"]
[BlackElo "2241"]
[TimeControl "180+1"]
[EndTime "10:41:04 PDT"]
[Termination "GameOverBro won on time"]

1. e4 e5 2. Nf3 Nc6 3. Bb5 a6 4. Ba4 Nf6 5. d4 exd4 6. O-O Be7 7. e5 Ne4 8. Nxd4 O-O 9. Bf4 Nc5 10. Bb3 Nxd4 11. Qxd4 Ne6 12. Qd2 Nxf4 13. Qxf4 d6 14. Nc3 dxe5 15. Qxe5 Bf6 16. Qg3 c6 17. Rad1 Qa5 18.
Rfe1 Bf5 19. Re3 Rad8 20. Rde1 h5 21. Rf3 Kh7 22. Qf4 Bg6 23. h4 Rd4 24. Qe3 Rxh4 25. Rxf6 gxf6 26. Qe7 Kg7 27. Qxb7 Qg5 28. Qxc6 Rg4 29.
Bd5 h4 30. Bf3 Rf4 31. Kh2 h3 32. g3 Rd4 33. Re2 Rd2 34. Ne4 Bxe4 35. Qxe4 Rxe2 36. Bxe2 Rd8 37. Bd3 Rd6 38. b4 Qe5 39. Qh7+ Kf8 40.
Qxh3 Ke7 41. Qc8 Qd4 42. Qc7+ Rd7 43. Qc5+ Qxc5 44. bxc5 Rc7 45. Bxa6 Rxc5 46. c4 Ra5 47. Bb7 Rxa2 48. Kg2 Rc2 49. Bd5 f5 50. Kf3 f6 51.
Ke3 Kd6 52. f3 Ke5 53. Kd3 Rg2 54. f4+ Kd6 55. Bxg2 1-0

[Event "*** SCC Grand Prix: Titled Tuesday Blitz"]
[Site "Chess.com"]
[Date "2020.08.25"]
[Round "4"]
[White "BigAl"]
[Black "mirceaparligras"]
[Result "0-1"]
[WhiteElo "2464"]
[BlackElo "2674"]
[TimeControl "180+1"]
[EndTime "10:41:05 PDT"]
[Termination "mirceaparligras won on time"]

1. e4 e6 2. d3 d5 3. Nd2 Nf6 4.
Ngf3 c5 5. g3 Nc6 6. Bg2 Be7 7.
O-O b6 8. Re1 Bb7 9. exd5 Nxd5 10. d4 cxd4 11. Nb3 O-O 12. Nfxd4 Nxd4 13. Nxd4 Qc7 14.
c3 Rad8 15. Qe2 Bf6 16. Nf3 Ne7 17. Bf4 Qc8 18. Rad1 Ng6 19. Bd6 Rfe8 20. h4 Be7 21. Bxe7 Nxe7 22. Ng5 Bxg2 23. Qh5 Rxd1 24. Rxd1 Bd5 25.
Qxf7+ Kh8 26. Qh5 h6 27. Nf7+ Kg8 28. Nd6 g6 29. Qxh6 Qc6 30. Nxe8 Qxe8 31. Rd4 Nf5 32. Qf4 Nxd4 33. Qxd4 Qf7 34. c4 Bc6 35. Qd8+ Kh7 36. f4 Qd7 37. Qg5 Qd4+ 38. Kf1 Qxc4+ 39. Ke1 Qc1+ 40. Ke2 Qxb2+ 41. Ke3 Qa3+ 42. Kd2 Qxa2+ 43. Kc3 Qa5+ 44. Kc2 Qxg5 45. hxg5 a5 0-1

[Event "*** SCC Grand Prix: Titled Tuesday Blitz"]
[Site "Chess.com"]
[Date "2020.08.25"]
[Round "4"]
[White "IMAghasiyevKamal"]
[Black "anon102030"]
[Result "0-1"]
[WhiteElo "2427"]
[BlackElo "2728"]
[TimeControl "180+1"]
[EndTime "10:41:05 PDT"]
[Termination "anon102030 won on time"]

1. d4 Nf6 2. c4 e5 3. dxe5 Ng4 4.
Nf3 Nc6 5. e3 Ngxe5 6. Be2 g6 7.
Bd2 Bg7 8. Bc3 O-O 9. O-O d6 10.
Nxe5 Nxe5 11. Nd2 b6 12. f4 Nd7 13. Bxg7 Kxg7 14. Bf3 Rb8 15. Ne4 Nf6 16. Qd4 Bf5 17.
Ng3 Bd7 18. e4 Kg8 19. Rad1 Bg4 20. f5 Bxf3 21. Rxf3 Qe7 22. Rdf1 Ng4 23. Rf4 Ne5 24.
b3 f6 25. fxg6 hxg6 26. Ne2 Rbe8 27. Nc3 c6 28. Rd1 Rd8 29. Qe3 Kg7 30. Rdf1 Rde8 31. Ne2 g5 32. Rf5 Ng4 33. Qc3 Qxe4 34. Rxg5+ Kh6 35. Rgf5 Qxe2 36. Qh3+ Kg7 37. R5f3 Re4 38. Qh4 Qd2 39. Kh1 Qh6 0-1

[Event "*** SCC Grand Prix: Titled Tuesday Blitz"]
[Site "Chess.com"]
[Date "2020.08.25"]
[Round "4"]
[White "ShahMatKanal"]
[Black "Matols"]
[Result "0-1"]
[WhiteElo "2481"]
[BlackElo "2275"]
[TimeControl "180+1"]
[EndTime "10:41:05 PDT"]
[Termination "Matols won on time"]

1. d4 Nf6 2. Nc3 d5 3. Bg5 e6 4.
Qd2 c5 5. e3 Nc6 6. Nf3 cxd4 7.
exd4 Be7 8. Be2 O-O 9. O-O b6 10.
Rad1 Bb7 11. Rfe1 Rc8 12. Bd3 Nb4 13. Bf1 Ne4 14. Bxe7 Qxe7 15. Nxe4 dxe4 16. c3 exf3 17. cxb4 fxg2 18. Bd3 Qh4 19. Re3 Rfd8 20. Bb1 Rc4 21. Rg3 Rcxd4 22. Rd3 Rxd3 23. Bxd3 Bd5 24. Qe2 Rc8 25. a3 h6 26. f3 Qh3 27. Qxg2 Qxf3 28. Qxf3 Bxf3 29. Rd2 Bd5 30. Kf2 Kf8 31. Ba6 Rc7 32.
Bb5 Ke7 33. Ke3 f6 34. Be2 g5 35. Bh5 f5 36. Be2 Kf6 37. a4 Ke5 38. a5 f4+ 39. Kf2 Rc1 40. h3 Rh1 41. a6 Rxh3 42. Rc2 Rh2+ 43.
Kg1 Rg2+ 44. Kf1 f3 45. Rc7 Rxe2 46. Rxa7 Rxb2 0-1

[Event "*** SCC Grand Prix: Titled Tuesday Blitz"]
[Site "Chess.com"]
[Date "2020.08.25"]
[Round "4"]
[White "Duong57"]
[Black "Ginger_GM"]
[Result "0-1"]
[WhiteElo "2364"]
[BlackElo "2572"]
[TimeControl "180+1"]
[EndTime "10:41:06 PDT"]
[Termination "Ginger_GM won by resignation"]

1. d4 e6 2. c4 f5 3. Nc3 Nf6 4. Qc2 Bb4 5. e3 b6 6. Bd3 Bb7 7. f3 Nh5 8. Qf2 Bxc3+ 9. bxc3 O-O 10. Ne2 d6 11. O-O Nd7 12. Ng3 Nxg3 13. Qxg3 e5 14. d5 Qf6 15. Bc2 Ba6 16. Bb3 Nc5 17. Bd2 Nb7 18. e4 Qg6 19. exf5 Qxg3 20. hxg3 Rxf5 21. Rfe1 h5 22. Be3 Na5 23. c5 bxc5 24. Bc2 Rff8 25. Bg6 Bc4 26. Red1 Rab8 27. Rd2 Bb5 28. Bxh5 Nc4 29. Re2 Be8 30. Bg4 Bf7 31. Rd1 Rb6 32.
Bf2 Rfb8 33. Re4 Rb1 34. Rxb1 Rxb1+ 35. Kh2 Bxd5 36. Re2 Rb2 37. Rxb2 Nxb2 38. a3 a5 39. Be3 Kf7 40. Bg5 Be6 41. Bh5+ g6 42. Bg4 Bxg4 43.
fxg4 Ke6 44. Bd8 Kd7 45. Bg5 Nc4 46. Bc1 d5 47. Kg1 d4 48. cxd4 cxd4 49. Kf2 e4 50. Ke1 Ke6 51. g5 Kd5 52. g4 e3 53. Kd1 d3 0-1

[Event "*** SCC Grand Prix: Titled Tuesday Blitz"]
[Site "Chess.com"]
[Date "2020.08.25"]
[Round "4"]
[White "rasmussvane"]
[Black "Gabrielian_Artur"]
[Result "0-1"]
[WhiteElo "2856"]
[BlackElo "2724"]
[TimeControl "180+1"]
[EndTime "10:41:07 PDT"]
[Termination "Gabrielian_Artur won by resignation"]

1. Nf3 c5 2. c4 Nc6 3. Nc3 e5 4. e3 Nf6 5. d4 e4 6. Ne5 g6 7. Be2 Bg7 8. O-O O-O 9. b3 Re8 10. Bb2 cxd4 11. exd4 d6 12. Nxc6 bxc6 13. d5 c5 14. Qd2 Bg4 15. Rae1 Qd7 16. h3 Bxe2 17. Rxe2 Re7 18. Rfe1 Rae8 19. Nd1 Nh5 20. Bxg7 Kxg7 21.
g4 Nf6 22. Qf4 Re5 23. Nc3 Qe7 24. Kg2 h6 25. Re3 a6 26. Kf1 Kh7 27. Ke2 Kg7 28.
Kd1 Kh7 29. R1e2 Kg7 30. Kc2 Kh7 31. h4 Kg7 32. Qg3 Qd7 33. g5 hxg5 34. hxg5 Nh5 35. Qh4 Qf5 36. Nxe4 Nf4 37. f3 Nxe2 38. Rxe2 Rh8 39.
Qg3 Rh3 40. Qg2 Rxf3 41. Kd2 Rxe4 42. Rxe4 Qxe4 43. Qxf3 Qxf3 0-1

[Event "*** SCC Grand Prix: Titled Tuesday Blitz"]
[Site "Chess.com"]
[Date "2020.08.25"]
[Round "4"]
[White "swimmerchess"]
[Black "Gusarov91"]
[Result "1-0"]
[WhiteElo "2828"]
[BlackElo "2655"]
[TimeControl "180+1"]
[EndTime "10:41:09 PDT"]
[Termination "swimmerchess won by resignation"]

1. e4 c6 2. d4 Na6 3. Nf3 Nc7 4. c4 d5 5. cxd5 cxd5 6. e5 Bg4 7. Nc3 Bxf3 8. Qxf3 e6 9. Bd3 Ne7 10. O-O Nc6 11. Be3 a6 12. Rac1 Rc8 13. Ne2 Be7 14.
Nf4 Qd7 15. Nh5 g6 16. Nf6+ Bxf6 17. Qxf6 Rg8 18. Qh4 h5 19. Bg5 Nb4 20. Bb1 Nb5 21. Rxc8+ Qxc8 22. Rc1 Nc6 23. a4 Nc7 24. Qf4 Qd7 25.
Bd3 Nb4 26. Bf1 Nc6 27. h4 Na8 28. Rc3 Nb6 29. b3 Nc8 30. Qf6 N8e7 31. Qf4 Nf5 32. Bf6 Ncxd4 33. g4 hxg4 34. Qxg4 Nc6 35. Bd3 d4 36. Rc1 Nb4 37. Be4 d3 38. Bxf5 d2 39.
Rd1 Na2 40. Bc2 Nc3 41. Qc4 Nxd1 42. Bxd1 Qc6 43. Qb4 Qd7 44. Kh2 g5 45. h5 g4 46. h6 Rg6 47. Bg7 Qe7 48. Qxe7+ Kxe7 49. h7 g3+ 50. fxg3 Rxg7 51. h8=Q Rg6 52. Qh4+ Ke8 53.
Qd4 Rh6+ 54. Kg2 1-0

[Event "*** SCC Grand Prix: Titled Tuesday Blitz"]
[Site "Chess.com"]
[Date "2020.08.25"]
[Round "4"]
[White "XDPS"]
[Black "Zq1"]
[Result "1-0"]
[WhiteElo "2727"]
[BlackElo "2533"]
[TimeControl "180+1"]
[EndTime "10:41:09 PDT"]
[Termination "XDPS won by resignation"]

1. d4 Nf6 2. c4 a6 3. Nc3 c5 4. e3 e6 5. Nf3 d5 6. a3 Nc6 7.
dxc5 Bxc5 8. b4 Ba7 9. Bb2 O-O 10. Be2 d4 11. exd4 Nxd4 12. Nxd4 Bxd4 13. O-O e5 14.
Qc2 Be6 15. Rad1 Qc7 16. Na4 Bxb2 17. Qxb2 Nd7 18. c5 f6 19. Rd6 Bf7 20. Rfd1 Be8 21. Bc4+ Kh8 22. Be6 Nb8 23. Nb6 Ra7 24. Rd8 Nc6 25.
R1d7 Qxd8 26. Rxd8 Nxd8 27. Bd5 Bc6 28. Qb3 a5 29. b5 a4 30. Qc4 Bxd5 31. Qxd5 Ra5 32. Qd7 Kg8 33. h3 h5 34. Nc4 Ra8 35. Nd6 Nf7 36.
Nxb7 h4 37. c6 e4 38. c7 Ne5 39. Qd5+ Kh8 40. Nd8 e3 41. fxe3 Ng6 42. Qxa8 1-0

[Event "*** SCC Grand Prix: Titled Tuesday Blitz"]
[Site "Chess.com"]
[Date "2020.08.25"]
[Round "4"]
[White "novocane"]
[Black "anon481216"]
[Result "1-0"]
[WhiteElo "2268"]
[BlackElo "2421"]
[TimeControl "180+1"]
[EndTime "10:41:09 PDT"]
[Termination "novocane won by resignation"]

1. d4 d5 2. c4 e6 3. Nc3 c6 4. e4 dxe4 5. Nxe4 Bb4+ 6. Bd2 Qxd4 7. Bxb4 Qxe4+ 8. Be2 a5 9. Bc3 Ne7 10. Nf3 O-O 11.
O-O f6 12. Re1 Qf4 13. Bd3 c5 14. Re4 Qc7 15. Rh4 h6 16. Qe2 Nbc6 17. Re1 e5 18. g4 Nd4 19. Bxd4 cxd4 20. Nxd4 exd4 21. Qxe7 Qxe7 22. Rxe7 Ra6 23. c5 Rc6 24. g5 fxg5 25.
Rxd4 Rxc5 26. Kg2 b5 27. Be4 Kh8 28. f3 g4 29. fxg4 Bxg4 30. Kg3 Rg5 31. h4 Rc5 32. Kxg4 h5+ 33. Kg3 b4 34. Rdd7 Rg8 35. Bd5 Rb8 36. Bb3 Rc1 37. Kf2 Rb1 38. Rxg7 Rxb2+ 39. Ke3 Re8+ 40. Kd3 1-0

[Event "*** SCC Grand Prix: Titled Tuesday Blitz"]
[Site "Chess.com"]
[Date "2020.08.25"]
[Round "4"]
[White "biostatistician"]
[Black "Anton_Zhukov04"]
[Result "1-0"]
[WhiteElo "2495"]
[BlackElo "2233"]
[TimeControl "180+1"]
[EndTime "10:41:10 PDT"]
[Termination "biostatistician won by checkmate"]

1. d4 Nf6 2. Nf3 e6 3. c4 Bb4+ 4. Nc3 O-O 5. Qc2 c5 6. a3 Bxc3+ 7. Qxc3 d6 8. Bg5 h6 9. Bh4 b6 10. e3 Bb7 11. Be2 Nbd7 12. O-O Qc7 13. Rfd1 Rac8 14.
Rac1 Ne4 15. Qc2 g5 16. Bg3 Nxg3 17. hxg3 Nf6 18. b4 Rfd8 19. dxc5 dxc5 20. b5 Rxd1+ 21. Rxd1 Rd8 22. a4 Ne4 23. Rxd8+ Qxd8 24. Bd3 Nf6 25. Nd2 Qa8 26. Bf1 Ne4 27. Nb3 a6 28.
Nc1 axb5 29. cxb5 Nf6 30. Ne2 Nd5 31. g4 Nb4 32. Qd1 Be4 33. Nc3 Bb7 34. Qd6 Qa5 35.
Qb8+ Kg7 36. Qxb7 Nc2 37. Ne4 Qxa4 38. Nd6 c4 39. Qxf7+ Kh8 40. Qf6+ Kh7 41. Qe7+ Kh8 42. Nf7+ Kg7 43. Ne5+ Kh8 44. Qf8+ Kh7 45. Qf7+ Kh8 46. Ng6# 1-0

[Event "*** SCC Grand Prix: Titled Tuesday Blitz"]
[Site "Chess.com"]
[Date "2020.08.25"]
[Round "4"]
[White "Salem-AR"]
[Black "Vuk2000"]
[Result "0-1"]
[WhiteElo "2904"]
[BlackElo "2735"]
[TimeControl "180+1"]
[EndTime "10:41:11 PDT"]
[Termination "Vuk2000 won by resignation"]

1. e4 e6 2. d4 d5 3. Nc3 Bb4 4. e5 c5 5. a3 Bxc3+ 6. bxc3 Ne7 7. Nf3 Qc7 8. Bd3 b6 9. O-O Ba6 10. a4 Bxd3 11. cxd3 O-O 12. Nh4 cxd4 13. cxd4 Nbc6 14.
Qg4 Nf5 15. Nxf5 exf5 16. Qf4 Qd7 17. Ba3 Rfc8 18. Rae1 Nd8 19. Re3 Qxa4 20. Be7 Ne6 21. Qxf5 Nxd4 22. Qg4 Rc2 23. Kh1 Rxf2 24. Ree1 Rxf1+ 25. Rxf1 Qe8 26. Bf6 Ne6 27. h4 Rc8 28. Ra1 a5 29.
Rb1 b5 30. h5 Kh8 31. Bh4 h6 32. Be1 b4 33. Kh2 Nc5 34. Bg3 Ne6 35. Bf2 Rc3 36. Ra1 Ra3 37. Rc1 Rc3 38. Ra1 Ra3 39. Rc1 Rxd3 40.
Bb6 Rc3 41. Rf1 Ng5 42. Kh1 Rc4 43. Qf5 Qe6 44. Qf2 Qxe5 45. Bd4 Rxd4 46. Re1 Re4 47. Rc1 Qf4 48. Qc2 Qh4+ 49. Kg1 Re1+ 50. Rxe1 Qxe1+ 51. Kh2 Qe5+ 52. Kg1 Qe4 53. Qc7 Kh7 54. Qxa5 b3 55. Qc3 Qc2 0-1

[Event "*** SCC Grand Prix: Titled Tuesday Blitz"]
[Site "Chess.com"]
[Date "2020.08.25"]
[Round "4"]
[White "Azatic"]
[Black "MasterKroket"]
[Result "0-1"]
[WhiteElo "2580"]
[BlackElo "2428"]
[TimeControl "180+1"]
[EndTime "10:41:11 PDT"]
[Termination "MasterKroket won on time"]

1. e4 c5 2. Nf3 e6 3. d4 cxd4 4.
Nxd4 Nc6 5. Nc3 Qc7 6. g3 a6 7. Bg2 b5 8. Nxc6 Qxc6 9. O-O Bb7 10. Re1 Be7 11. Nd5 Rc8 12. c3 d6 13. Qg4 Kf8 14.
Nxe7 Nxe7 15. Bg5 Ng6 16. Rad1 h6 17. Bc1 Kg8 18. f4 Kh7 19. Re2 Rhd8 20. Rf1 Qc4 21. Rfe1 Rf8 22. f5 Ne5 23. Qh5 exf5 24. Qxf5+ g6 25.
Qh3 h5 26. Bf4 Rce8 27. Bxe5 Rxe5 28. Rf2 Bxe4 29. Bxe4 Rxe4 30. Ref1 Qc5 31. Qd7 Re2 32. Kg2 Rxf2+ 33. Rxf2 Kg8 34. Qe7 Qd5+ 35. Kg1 Qxa2 36. Qxd6 Qb1+ 37. Kg2 Qe4+ 38. Kg1 Re8 39. Qf6 Qe1+ 40.
Kg2 Qe4+ 41. Kg1 Qb7 42. Kf1 Re6 43. Qf3 Qd7 44. Kg2 a5 45. h4 b4 46. Qa8+ Kg7 47. cxb4 axb4 48. Qf3 Qe7 49. Qb3 Re3 50. Qxb4 Qxb4 0-1